 Dungeon Crawl Stone Soup version 0.21.1-1-g345015f (webtiles) character file.

12644 Supreme the Geomancer (level 11, -5/64 HPs)
             Began as a Gargoyle Earth Elementalist on Apr 1, 2018.
             Was an Elder of Vehumet.
             Slain by a wolf spider (12 damage)
             ... on level 11 of the Dungeon on Apr 2, 2018.
             The game lasted 04:58:27 (11778 turns).

Supreme the Geomancer (GrEE)                       Turns: 11778, Time: 04:58:28

Health: -5/64      AC: 15    Str: 21    XL:     11   Next: 96%
Magic:  18/24      EV: 14    Int: 21    God:    Vehumet [****..]
Gold:   177        SH:  0    Dex: 10    Spells: 6/29 levels left

rFire    + + +     SeeInvis .   T - +6 falchion of the Inquisitive Scars {elec, rF++ Str+5 Stlth-}
rCold    . . .     Gourm    +   (no shield)
rNeg     + . .     Faith    .   N - +2 robe {rC+}
rPois    ∞         Spirit   .   v - +0 helmet {Int+3}
rElec    +         Reflect  .   k - +0 cloak
rCorr    .         Harm     .   O - +0 pair of gloves
MR       .....                  (no boots)
Stlth    ++........             X - amulet of the gourmand
HPRegen  0.20/turn              e - ring of fire
MPRegen  0.19/turn              p - +3 ring of strength

@: invisible
A: negative energy resistance 1, electricity resistance, unbreathing,
petrification resistance, rot immunity, AC +8
a: Renounce Religion


You were on level 11 of the Dungeon.
You worshipped Vehumet.
Vehumet was greatly pleased with you.
You were completely stuffed.

You visited 2 branches of the dungeon, and saw 12 of its levels.

You collected 475 gold pieces.
You spent 298 gold pieces at shops.

Inventory:

Hand Weapons
 a - a +0 blowgun
 i - a +0 dire flail
 l - a +0 trident
 o - a +4 club
 F - a +3 dagger of venom
 H - a +0 hunting sling of freezing
 T - the +6 falchion of the Inquisitive Scars (weapon) {elec, rF++ Str+5 Stlth-}
   (You found it on level 10 of the Dungeon)

   Occasionally, upon striking a foe, it will discharge some electrical energy
   and cause terrible harm.
   It affects your strength (+5).
   It greatly protects you from fire.
   It makes you less stealthy.
 Z - a +0 shortbow of flaming
Missiles
 f - 6 curare-tipped needles
 q - 44 sling bullets
 y - 185 stones (quivered)
 B - 45 arrows
Armour
 k - a +0 cloak (worn)
 v - a +0 helmet of intelligence (worn)
 w - the +3 robe "Demoab" {rPois}
   (You found it on level 6 of the Dungeon)

   It protects you from poison.
 N - a +2 robe of cold resistance (worn)
 O - a +0 pair of gloves (worn)
 Q - a +2 ring mail of fire resistance
Jewellery
 e - a ring of fire (left hand)
 p - a +3 ring of strength (right hand)
 t - an uncursed ring of wizardry
 K - an uncursed ring of ice
 X - an amulet of the gourmand (around neck)
Wands
 z - a wand of clouds (4)
 J - a wand of polymorph (12)
 L - a wand of disintegration (12)
 M - a wand of flame (5)
Scrolls
 g - 3 scrolls of amnesia {unknown}
 h - a scroll of immolation {unknown}
 n - 3 scrolls of enchant armour {unknown}
 r - a scroll of random uselessness {unknown}
 u - 5 scrolls of teleportation
 x - 2 scrolls of blinking
 C - a scroll of remove curse
 D - a scroll of vulnerability {unknown}
 G - a scroll of fog {unknown}
 P - 2 scrolls of magic mapping {unknown}
 S - a scroll of silence {unknown}
Potions
 b - 4 potions of flight
 c - 3 potions of might
 j - a potion of invisibility
 s - 3 potions of cancellation
 E - 8 potions of curing
 U - 4 potions of brilliance
 Y - 4 potions of agility
Comestibles
 d - 19 rations


   Skills:
 + Level 6.2 Fighting
 - Level 0.2 Long Blades
 + Level 6.1 Maces & Flails
 + Level 2.9 Armour
 + Level 4.9 Dodging
 + Level 5.3 Stealth
 + Level 9.8 Spellcasting
 + Level 4.4 Conjurations
 + Level 1.3 Translocations
 + Level 1.0 Transmutations
 + Level 1.5 Fire Magic
 + Level 0.9 Air Magic
 + Level 11.3 Earth Magic
 + Level 1.0 Poison Magic
 + Level 1.5 Evocations


You had 6 spell levels left.
You knew the following spells:

 Your Spells              Type           Power        Failure   Level  Hunger
a - Sandblast             Erth           ######       1%          1    None
b - Passwall              Tmut/Erth      #####.....   1%          2    None
c - Stone Arrow           Conj/Erth      #####.       1%          3    None
d - Blink                 Tloc           N/A          6%          2    None
e - Conjure Flame         Conj/Fire      ####....     1%          3    None
f - Lee's Rapid Deconstr  Erth           ######....   1%          5    ####...
g - Mephitic Cloud        Conj/Pois/Air  ###.....     2%          3    None
h - Sticky Flame          Conj/Fire      ####....     5%          4    ##.....


Dungeon Overview and Level Annotations

Branches:
Dungeon (11/15)            Temple (1/1) D:4            Lair (0/6) D:8
    Orc: D:9-12

Altars:
Ashenzari
Cheibriados
Dithmenos
Elyvilon
Fedhas
Gozag
Hepliaklqana
Kikubaaqudgha
Makhleb
Nemelex Xobeh
Okawaru
Qazlal
Ru
Sif Muna
Trog
Uskayaw
Vehumet
Wu Jian
Xom
Yredelemnul
Zin
The Shining One

Shops:
D:4 :   D:6 ?}![[   D:8 [

Annotations:
D:7 Prince Ribbit


Innate Abilities, Weirdness & Mutations

You are resistant to torment.
Your stone body is resilient. (AC +8)
You are immune to poison.
You resist negative energy. (rN+)
You are resistant to electric shocks. (rElec)
You can survive without breathing.
You are immune to petrification.
You are immune to rotting.


Message History

You hit the wolf spider.
The wolf spider is lightly wounded.
The wolf spider burns!
The wolf spider hits you but does no damage.
The wolf spider bites you.
The wolf spider hits you but does no damage.
The wolf spider closely misses you.
You hit the wolf spider.
The wolf spider is moderately wounded.
The wolf spider burns!
The wolf spider stops burning.
The wolf spider hits you!
The wolf spider bites you but does no damage.
The wolf spider hits you!
* * * LOW HITPOINT WARNING * * *
The wolf spider closely misses you.
You feel better. The wolf spider barely misses you. The wolf spider misses you.
You fade into invisibility!
The wolf spider hits you!
* * * LOW HITPOINT WARNING * * *
The wolf spider closely misses you. The wolf spider hits you!
You die...

### ######### #:....#.%..}#
#.....#.....# ...#...#...
###.#####.### .#...#c<.#(..###
.......<.......#
.#..l#.<.#s..#.#####
##########.#####@###.....#
......##...#...#...#.....#
.....÷.#.....#.....#.....#
.......#".... ....)#.....#
.......#############....(#
#.....## ... #.........((########
..##'###.... #.....######..#.....
#........... #.....#.............
#.....########.....#.....%#......


You could see a wolf spider and a centaur (confused).

Vanquished Creatures
  Josephine (D:10)
  Fannar (D:10)
  A two-headed ogre (D:7)
  An orb spider (shapeshifter) (D:11)
  An ugly thing (D:11)
  A cyclops (D:11)
  A komodo dragon (D:8)
  2 trolls (D:10)
  5 hippogriffs
  4 wyverns
  5 wraiths (D:10)
  A steam dragon (D:9)
  A hungry ghost (D:7)
  A vampire mosquito (D:11)
  2 water moccasins
  Duvessa (D:4)
  A necrophage (D:8)
  6 orc warriors
  4 sky beasts
  2 black bears
  3 phantoms
  3 ogres
  4 centaurs
  2 big kobolds
  7 bullfrogs
  A gnoll sergeant (D:6)
  A water moccasin zombie (D:4)
  Dowan (D:4)
  A wyvern skeleton (D:10)
  2 scorpions
  3 wights (D:9)
  6 howler monkeys
  6 crimson imps
  4 hounds
  2 quasits
  A bullfrog zombie (D:11)
  A centaur zombie (D:11)
  7 orc priests
  3 jellies
  11 orc wizards
  Crazy Yiuf (D:2)
  A bullfrog skeleton (D:5)
  Jessica (D:2)
  2 iguanas
  5 worker ants
  2 hound skeletons
  2 worker ant zombies
  A howler monkey skeleton (D:5)
  3 gnolls (D:6)
  12 adders
  A shadow imp (D:5)
  4 oozes
  An adder skeleton (D:7)
  4 worms
  2 dart slugs
  6 leopard geckos
  47 orcs
  5 bats
  6 giant cockroaches
  5 goblins
  5 hobgoblins
  15 jackals
  7 quokkas
  3 ball pythons
  A ball python skeleton (D:6)
  7 frilled lizards
  A giant cockroach zombie (D:4)
  13 kobolds
  A quokka skeleton (D:5)
  A quokka zombie (D:7)
  12 rats
288 creatures vanquished.

Vanquished Creatures (collateral kills)
  A two-headed ogre (D:11)
  An orc knight (D:11)
2 creatures vanquished.

Vanquished Creatures (others)
  A basilisk (D:11)
  9 plants (D:8)
10 creatures vanquished.

Grand Total: 300 creatures vanquished

Notes
Turn   | Place    | Note
-------+----------+-------------------------------------------
     0 | D:1      | Supreme the Gargoyle Earth Elementalist began the quest for the Orb.
     0 | D:1      | Reached XP level 1. HP: 10/10 MP: 3/3
   118 | D:1      | Reached skill level 4 in Earth Magic
   118 | D:1      | Reached XP level 2. HP: 8/15 MP: 0/5
   180 | D:1      | Learned a level 2 spell: Passwall
   451 | D:2      | Noticed Jessica
   657 | D:2      | Killed Jessica
   657 | D:2      | Reached XP level 3. HP: 13/19 MP: 3/6
   718 | D:3      | Reached XP level 4. HP: 22/24 MP: 6/8
   727 | D:3      | Found an ornate altar of the Wu Jian Council.
   728 | D:3      | Found a hazy altar of Hepliaklqana.
   993 | D:2      | Learned a level 3 spell: Stone Arrow
  1242 | D:2      | Found a runed door.
  1370 | D:2      | Found a sparkling altar of Nemelex Xobeh.
  1575 | D:3      | Reached skill level 1 in Maces & Flails
  1706 | D:3      | Reached XP level 5. HP: 26/28 MP: 1/9
  1768 | D:3      | Reached skill level 1 in Fighting
  1918 | D:3      | Reached skill level 5 in Earth Magic
  2245 | D:3      | Found a shattered altar of Ashenzari.
  2577 | D:5      | Entered Level 5 of the Dungeon
  2577 | D:5      | Noticed a phantom
  2648 | D:3      | Learned a level 2 spell: Blink
  2652 | D:3      | Learned a level 3 spell: Conjure Flame
  2760 | D:2      | Noticed Crazy Yiuf
  2769 | D:2      | Killed Crazy Yiuf
  2769 | D:2      | Reached XP level 6. HP: 34/34 MP: 1/11
  2922 | D:4      | Noticed Duvessa
  2935 | D:4      | Noticed Dowan
  3089 | D:4      | Reached skill level 6 in Earth Magic
  3448 | D:5      | Noticed a black bear
  3457 | D:5      | Killed a black bear
  3457 | D:5      | Reached XP level 7. HP: 38/38 MP: 1/12
  3561 | D:5      | Reached skill level 7 in Earth Magic
  3759 | D:5      | Found an opulent altar of Gozag.
  3827 | D:5      | Reached XP level 8. HP: 24/44 MP: 4/14
  3879 | D:6      | Reached skill level 1 in Conjurations
  3963 | D:6      | Found Xeeck's Distillery.
  4010 | D:6      | Reached skill level 5 in Spellcasting
  4047 | D:6      | Bought a potion of degeneration for 13 gold pieces
  4047 | D:6      | Bought a potion of curing for 39 gold pieces
  4047 | D:6      | Bought a potion of lignification for 39 gold pieces
  4135 | D:6      | Reached skill level 8 in Earth Magic
  4137 | D:6      | Bought a potion of heal wounds for 65 gold pieces
  4469 | D:6      | Found Disoim's Gadget Emporium.
  4525 | D:7      | Noticed a hippogriff
  4636 | D:7      | Reached skill level 1 in Armour
  4688 | D:7      | Found a radiant altar of Vehumet.
  4725 | D:7      | Became a worshipper of Vehumet
  4808 | D:7      | Reached XP level 9. HP: 49/49 MP: 5/17
  4841 | D:6      | Found Uxucw's Armour Shoppe.
  4882 | D:6      | Found Lickoinui's Armour Boutique.
  4905 | D:6      | Reached skill level 9 in Earth Magic
  5103 | D:7      | Learned a level 5 spell: Lee's Rapid Deconstruction
  5146 | D:8      | Found an iron altar of Okawaru.
  5146 | D:8      | Noticed Prince Ribbit
  5146 | D:8      | Noticed a two-headed ogre
  5213 | D:7      | Found a burning altar of Makhleb.
  5241 | D:7      | Found a glowing silver altar of Zin.
  5696 | D:6      | Reached * piety under Vehumet
  5696 | D:6      | Offered knowledge of Flame Tongue by Vehumet.
  5862 | D:6      | Got an ancient robe
  5873 | D:6      | Identified the +3 robe "Demoab" {rPois} (You found it on level 6 of the Dungeon)
  5935 | D:6      | Found Ruheig's Magic Scroll Shoppe.
  5989 | D:6      | Bought a scroll of identify for 22 gold pieces
  5989 | D:6      | Bought a scroll of fear for 38 gold pieces
  5989 | D:6      | Bought a scroll of enchant weapon for 82 gold pieces
  6565 | D:7      | Killed a two-headed ogre
  6565 | D:7      | Reached skill level 10 in Earth Magic
  6565 | D:7      | Reached XP level 10. HP: 21/56 MP: 9/21
  6570 | D:7      | Learned a level 3 spell: Mephitic Cloud
  6688 | D:4      | Found Duushex's Book Emporium.
  7094 | D:4      | Found a staircase to the Ecumenical Temple.
  7100 | Temple   | Entered the Ecumenical Temple
  7390 | D:4      | Killed Duvessa
  7396 | D:4      | Killed Dowan
  7951 | D:8      | Offered knowledge of Sting by Vehumet.
  7975 | D:7      | Reached ** piety under Vehumet
  8008 | D:8      | Found Holu's Armour Shoppe.
  8052 | D:7      | Reached skill level 1 in Translocations
  8226 | D:8      | Got an ichor-stained leather armour
  8307 | D:8      | Identified the +0 leather armour of the Vestibule of Hell {Str+3} (You found it on level 8 of the Dungeon)
  8438 | D:9      | Reached skill level 5 in Maces & Flails
  8700 | D:8      | Found a staircase to the Lair.
  8826 | D:8      | Found an iron altar of Okawaru.
  8830 | D:8      | Found an ancient bone altar of Kikubaaqudgha.
  8833 | D:8      | Found a glowing golden altar of the Shining One.
  8997 | D:9      | Offered knowledge of Static Discharge by Vehumet.
  9036 | D:9      | Found a deep blue altar of Sif Muna.
  9407 | D:9      | Reached *** piety under Vehumet
  9407 | D:9      | Reached skill level 5 in Fighting
  9411 | D:10     | Entered Level 10 of the Dungeon
  9411 | D:10     | Noticed Josephine
  9546 | D:9      | Reached XP level 11. HP: 57/63 MP: 23/23
  9696 | D:10     | Reached skill level 11 in Earth Magic
  9753 | D:10     | Offered knowledge of Sticky Flame by Vehumet.
  9761 | D:10     | Learned a level 4 spell: Sticky Flame
 10024 | D:11     | Noticed a wolf spider
 10024 | D:11     | Noticed an orc knight
 10329 | D:10     | Killed Josephine
 10489 | D:10     | Got a polished falchion
 10573 | D:10     | Noticed Fannar
 10613 | D:10     | Identified the +6 falchion of the Inquisitive Scars {elec, rF++ Str+5 Stlth-} (You found it on level 10 of the Dungeon)
 10798 | D:10     | Killed Fannar
 10798 | D:10     | Reached skill level 5 in Stealth
 11042 | D:11     | Noticed an orb spider
 11042 | D:11     | a black mamba changed into an orb spider
 11045 | D:11     | Reached skill level 1 in Evocations
 11047 | D:11     | Killed an orb spider
 11047 | D:11     | Reached skill level 1 in Fire Magic
 11049 | D:11     | Noticed a red ugly thing
 11057 | D:11     | Reached **** piety under Vehumet
 11061 | D:11     | Noticed a two-headed ogre
 11100 | D:11     | Killed a two-headed ogre
 11115 | D:11     | Killed an orc knight
 11115 | D:11     | Reached skill level 1 in Transmutations
 11147 | D:11     | Killed a red ugly thing
 11399 | D:11     | Noticed a cyclops
 11477 | D:11     | Killed a cyclops
 11695 | D:11     | Reached skill level 1 in Poison Magic
 11778 | D:11     | Slain by a wolf spider

Skill      XL: |  1  2  3  4  5  6  7  8  9 10 11 |
---------------+----------------------------------+-----
Earth Magic    | 4 5 6 7 8 10 11 | 11.3
Maces & Flails | 1 3 4 5 6 |  6.1
Fighting       | 1 2 3 5 6 |  6.2
Spellcasting   | 3 4 5 7 8 9 |  9.8
Dodging        | 2 3 4 |  4.9
Stealth        | 3 4 5 |  5.3
Conjurations   | 2 3 4 |  4.4
Armour         | 1 2 |  2.9
Translocations | 1 |  1.3
Evocations     | 1 |  1.5
Fire Magic     | 1 |  1.5
Transmutations | 1 |  1.0
Poison Magic   | 1 |  1.0
Long Blades    | |  0.2
Air Magic      | |  0.9

Action                   |  1- 3 |  4- 6 |  7- 9 | 10-12 || total
-------------------------+-------+-------+-------+-------++-------
Melee: Club              |    41 |    45 |   135 |   234 ||   455
       Spear             |       |     4 |       |       ||     4
       Dire flail        |       |       |    35 |       ||    35
       Dagger            |       |       |       |    16 ||    16
       Mace              |       |       |       |    10 ||    10
       Falchion          |       |       |       |    30 ||    30
 Fire: Hunting sling     |       |     5 |    23 |    16 ||    44
       Blowgun           |       |       |       |     2 ||     2
       Shortbow          |       |       |       |    26 ||    26
Throw: Javelin           |       |       |     5 |       ||     5
       Tomahawk          |       |       |       |     6 ||     6
 Cast: Sandblast         |    28 |    74 |    72 |    10 ||   184
       Stone Arrow       |       |    11 |    38 |    89 ||   138
       Conjure Flame     |       |     1 |     2 |    12 ||    15
       Passwall          |       |     2 |       |     3 ||     5
       Lee's Rapid Decon |       |       |     8 |    15 ||    23
       Blink             |       |       |     2 |     5 ||     7
       Mephitic Cloud    |       |       |       |    22 ||    22
       Sticky Flame      |       |       |       |     7 ||     7
Evoke: Wand              |       |       |       |    20 ||    20
       Sack of spiders   |       |       |       |     3 ||     3
  Use: Scroll            |       |     2 |     4 |    13 ||    19
       Potion            |       |       |     1 |     9 ||    10
 Stab: Sleeping          |     1 |     4 |     2 |     2 ||     9
       Confused          |       |       |       |     9 ||     9
  Eat: Chunk             |       |     9 |    20 |    27 ||    56
Armor: Robe              |    18 |    14 |    84 |    34 ||   150
       Scale mail        |       |    15 |       |       ||    15
       Chain mail        |       |       |    68 |       ||    68
       Leather armour    |       |       |       |   168 ||   168
Dodge: Dodged            |    37 |    54 |   116 |   278 ||   485
       Rpst.: Falchion   |       |       |       |     6 ||     6
